 Dungeon Crawl Stone Soup version 0.32-a0-699-g1ee5eff69a (webtiles) character file.

Game seed: 15686856987655740099

109806 ragingrage the Markshuman (level 16, -8/120 HPs)
             Began as a Human Hexslinger on Mar 13, 2024.
             Was the Champion of Hepliaklqana.
             Mangled by a harpy simulacrum (17 damage)
             ... in an ice cave on Mar 14, 2024.
             The game lasted 00:36:01 (25825 turns).

ragingrage the Markshuman (Human Hexslinger)       Turns: 25825, Time: 00:36:01

Health: -8/120     AC: 22    Str: 10    XL:     16   Next: 53%
Magic:  22/22      EV: 19    Int: 13    God:    Hepliaklqana [******]
Gold:   3320       SH:  0    Dex: 23    Spells: 15/17 levels left

rFire   . . .        b - +2 hand cannon (freeze)
rCold   . . .        (no shield)
rNeg    . . .        F - +0 swamp dragon scales
rPois   +            y - +2 helmet
rElec   .            O - +2 cloak
rCorr   .            q - +2 pair of gloves
SInv    .            (no boots)
Will    +....        v - amulet of regeneration
Stlth   +++++        R - ring of Shadows {Umbra +Inv Stlth+}
HPRegen 1.20/turn    s - +4 ring of protection
MPRegen 0.18/turn

%: no passive effects
@: slowed, wreathed by umbra, very slow
A: reduced essence, explore regen
a: Renounce Religion, Evoke Invisibility, Recall Ancestor, Ancestor Identity,
Transference, Idealise


You were in an ice cave.
You worshipped Hepliaklqana.
Hepliaklqana was exalted by your worship.
You visited 5 branches of the dungeon, and saw 25 of its levels.
You also visited: Ice Cave.

You collected 4357 gold pieces.
You spent 1037 gold pieces at shops.

Inventory:

Hand Weapons
 b - a +2 hand cannon of freezing (weapon)
Missiles
 X - 4 throwing nets
Armour
 q - a +2 pair of gloves (worn)
 r - the +1 pair of boots of Charity {rPois rC++ Will-}
   (You found it on level 8 of the Dungeon)

   rC++:      It greatly protects you from cold.
   rPois:     It protects you from poison.
   Will-:     It decreases your willpower.
 y - a +2 helmet (worn)
 C - the +1 hat of Mezcal {rN++ Int-3 SInv}
   (You acquired it on level 1 of the Snake Pit)

   Int-3:     It affects your intelligence (-3).
   rN++:      It greatly protects you from negative energy.
   SInv:      It lets you see invisible.
 F - +0 swamp dragon scales (worn)
 O - a +2 cloak (worn)
 P - a +2 ring mail of fire resistance
Jewellery
 j - a ring of willpower
 n - a ring of flight
 s - a +4 ring of protection (right hand)
 v - an amulet of regeneration (around neck)
 Q - the ring "Qoumnum" {Ice rElec rPois rN+}
   (You found it on level 8 of the Dungeon)

   [ring of ice]

   Ice:       It enhances your ice magic.
   rF-:       It makes you vulnerable to fire.
   rC+:       It protects you from cold.
   rElec:     It insulates you from electricity.
   rPois:     It protects you from poison.
   rN+:       It protects you from negative energy.
 R - the ring of Shadows (left hand) {Umbra +Inv Stlth+}
   (You found it on level 8 of the Dungeon)

   [ring of stealth]

   Umbra:     It surrounds you with an aura of shadow, increasing your stealth
   and reducing the accuracy of all others within it.
   +Inv:      It lets you turn invisible.
   Stlth+:    It makes you more stealthy.
 V - a ring of resist corrosion
Wands
 c - a wand of polymorph (11)
 o - a wand of flame (40)
 K - a wand of roots (2)
 M - a wand of charming (26)
 U - a wand of digging (4)
Scrolls
 a - 3 scrolls of teleportation
 h - 6 scrolls of blinking
 l - 3 scrolls of silence
 p - a scroll of butterflies
 w - 3 scrolls of revelation
 B - 4 scrolls of poison
 D - 5 scrolls of noise
 G - 3 scrolls of fear
 H - 7 scrolls of vulnerability
 I - 2 scrolls of fog
Potions
 d - 7 potions of curing
 e - 4 potions of mutation
 f - 3 potions of cancellation
 g - 2 potions of resistance
 i - 6 potions of haste
 k - 4 potions of invisibility
 m - 4 potions of lignification
 t - a potion of magic {unknown}
 u - 3 potions of berserk rage {unknown}
 x - a potion of might {unknown}
 E - 7 potions of brilliance
 J - 6 potions of heal wounds
 Y - 2 potions of enlightenment {unknown}
 Z - a potion of ambrosia {unknown}
Miscellaneous
 L - a phantom mirror
 N - a phial of floods
 T - a box of beasts (inert)


   Skills:
 + Level 14.5 Fighting
 - Level 18.0 Ranged Weapons
 - Level 5.0 Armour
 + Level 13.7 Dodging
 - Level 5.0 Stealth
 - Level 1.0 Spellcasting
 - Level 5.0 Hexes
 - Level 1.0 Fire Magic
 - Level 9.0 Invocations
 - Level 5.0 Evocations


You had 15 spell levels left.
You knew the following spells:

 Your Spells              Type           Power      Damage    Failure   Level
a - Jinxbite              Hex            26%        N/A       13%         2

Your spell library contained the following spells:

 Spells                   Type           Power      Damage    Failure   Level
 Sigil of Binding         Hex            13%        N/A       26%         3
 Tukima's Dance           Hex            13%        N/A       26%         3
 Inner Flame              Hex/Fire       8%         N/A       50%         3
 Magic Dart               Conj           0%         1d3       54%         1
 Shock                    Conj/Air       0%         1d3       54%         1
 Summon Small Mammal      Summ           0%         N/A       54%         1
 Cause Fear               Hex            6%         N/A       63%         4
 Blink                    Tloc           0%         N/A       69%         2
 Call Imp                 Summ           0%         N/A       69%         2
 Cigotuvi's Dreadful Rot  Necr/Alch/Air  0%         N/A       69%         2
 Lesser Beckoning         Tloc           0%         N/A       69%         2
 Momentum Strike          Conj/Tloc      0%         3d8       69%         2
 Call Canine Familiar     Summ           0%         N/A       89%         3
 Swiftness                Air            0%         N/A       89%         3
 Dimensional Bullseye     Hex/Tloc       3%         N/A       93%         4
 Summon Blazeheart Golem  Fire/Summ      1%         N/A       99%         4
 Airstrike                Air            0%         2d(0-16)  100%        4
 Animate Dead             Necr           0%         N/A       100%        4
 Dispel Undead            Necr           0%         3d6       100%        4
 Iskenderun's Mystic Bla  Conj/Tloc      0%         2d3       100%        4
 Martyr's Knell           Necr/Summ      0%         N/A       100%        4
 Passage of Golubria      Tloc           0%         N/A       100%        4
 Vhi's Electric Charge    Tloc/Air       0%         N/A       100%        4
 Arcjolt                  Conj/Air       0%         1d10      100%        5
 Borgnjor's Vile Clutch   Necr/Erth      0%         N/A       100%        5
 Silence                  Hex/Air        3%         N/A       100%        5
 Conjure Ball Lightning   Conj/Air       0%         3x3d6     100%        6
 Death Channel            Necr           0%         N/A       100%        6
 Discord                  Hex            6%         N/A       100%        8
 Disjunction              Tloc           0%         N/A       100%        8
 Lehudib's Crystal Spear  Conj/Erth      0%         10d2      100%        8
 Maxwell's Capacitive Co  Air            0%         ∞         100%        8


Dungeon Overview and Level Annotations

Branches:
Dungeon (15/15)            Temple (1/1) D:4            Lair (5/5) D:9
  Swamp (0/4) Lair:3        Snake (2/4) Lair:3        Slime (0/5) Lair:5
    Orc (2/2) D:9             Elf (0/3) Orc:2        Vaults (0/5) D:13
 Depths (0/4) D:15          IceCv (1/1)

Altars:
Ashenzari
Cheibriados
Dithmenos
Elyvilon
Fedhas
Gozag
Hepliaklqana
Kikubaaqudgha
Makhleb
Nemelex Xobeh
Okawaru
Qazlal
Ru
Sif Muna
Trog
Uskayaw
Vehumet
Wu Jian
Xom
Yredelemnul
Zin
The Shining One
Beogh
Jiyva

Shops:
D:8 *   D:10 !   D:11 **   Orc:2 :([:

Annotations:
D:2 1 runed translucent door, Crazy Yiuf
D:4 1 runed translucent door, exclusion: downstairs
D:8 3 runed translucent doors, Fractals's ghost, novice MfMo
D:14 Agnes; Roxanne
Lair:4 exclusion: downstairs
Snake:1 2 transporters, CrossHare's ghost, adept CoHu


Innate Abilities, Weirdness & Mutations

Your life essence is reduced to manifest your ancestor. (-10% HP)
You regain HP and MP as you explore.


Message History

Your juvenile stingbat beast closely misses the freezing wraith.
Your juvenile stingbat beast stings the freezing wraith but does no damage.
The ice devil hits you. The ice devil freezes you!!
Your juvenile stingbat beast barely misses the freezing wraith.
Your juvenile stingbat beast stings the freezing wraith.
The freezing wraith is destroyed!
Fire: b) +2 hand cannon (freeze)
Press: ? - help, Q - select action, (/) - cycle Shift-Dir - straight line, f/p - spriggan defender simulacrum
Aim: a spriggan defender simulacrum (lightly damaged, umbra, 63% to hit)
Okay, then.
Your juvenile stingbat beast hits the ice devil.
Your juvenile stingbat beast stings the ice devil.
The spriggan defender simulacrum attacks as it pursues you!
The spriggan defender simulacrum closely misses you.
The ice devil hits your juvenile stingbat beast.
The ice devil freezes your juvenile stingbat beast!
The ice devil hits your juvenile stingbat beast but does no damage.
The spriggan defender simulacrum hits you!
The spriggan defender simulacrum freezes you!!!
* * * LOW HITPOINT WARNING * * *
Your juvenile stingbat beast hits the ice devil!
Your juvenile stingbat beast stings the ice devil but does no damage.
The ice devil hits your juvenile stingbat beast.
The ice devil freezes your juvenile stingbat beast!
Blink to where?
Press: ? - help, Dir - move target, p - spriggan defender simulacrum
As you read the scroll of blinking, it crumbles to dust.
Your juvenile stingbat beast hits the harpy simulacrum.
Your juvenile stingbat beast stings the harpy simulacrum.
Your juvenile stingbat beast misses the spriggan defender simulacrum.
Your juvenile stingbat beast completely misses the spriggan defender simulacrum.
Something hits your juvenile stingbat beast but does no damage.
Your juvenile stingbat beast misses the spriggan defender simulacrum.
Your juvenile stingbat beast stings the spriggan defender simulacrum.
There is an ice covered gate leading back out of this place here.
The harpy simulacrum claws you.
* * * LOW HITPOINT WARNING * * *
The harpy simulacrum freezes you!
You die...
Hepliaklqana delivers you to your ancestors.

. #### ..
######..## ...##
##..##....##
.....###..........#
...Z..#..4..Z.∩Z@.#
#ZZ..##.......#
##44#####....##
#### ##..## ####


You could see an ice devil, a harpy simulacrum and a spriggan defender
simulacrum.

Vanquished Creatures
  A nagaraja (Snake:2)
  A fire dragon (D:11)
  Fannar (Lair:3)
  A great orb of eyes (D:15)
  Harold (Lair:1)
  A vault guard (D:13)
  4 hydras
  A merfolk avatar (Lair:5)
  2 centaur warriors (D:13)
  An ironbound frostheart (D:13)
  3 boulder beetles
  2 anacondas
  Erica (D:10)
  A death yak (Lair:4)
  3 naga warriors (Snake:1)
  3 two-headed ogres
  An orc high priest (Orc:2)
  2 naga sharpshooters (Snake:1)
  A shock serpent (Snake:1)
  5 skysharks
  3 skeletal warriors
  Lodul (D:13)
  A naga ritualist (Snake:1)
  2 bog bodies (Lair:3)
  An arcanist (D:15)
  2 lindwurms
  Pikel (D:8)
  2 deep elf pyromancers
  2 orc sorcerers (Orc:2)
  6 cyclopes
  6 ugly things
  A faun (shapeshifter) (D:15)
  A manticore (D:12)
  Maurice (D:8)
  10 black mambas
  9 kobold blastminers
  9 elephants
  4 naga magi (Snake:1)
  Maggie (D:6)
  13 cane toads
  5 rime drakes
  3 freezing wraiths
  Jeremiah (D:7)
  2 anaconda simulacra (IceCv)
  2 komodo dragons
  A kobold demonologist (D:13)
  2 wind drakes (Lair:5)
  2 polar bears
  5 trolls
  11 blink frogs
  4 slime creatures
  A shadow (D:13)
  A spriggan (Lair:4)
  4 wyverns
  A dire elephant simulacrum (IceCv)
  A spriggan (shapeshifter) (D:13)
  A fire elemental (D:13)
  Grum (D:8)
  19 yaks
  2 basilisks
  2 wargs
  A steam dragon (Lair:5)
  2 vampire mosquitoes (D:13)
  A minotaur simulacrum (IceCv)
  4 nagas
  A harpy simulacrum (IceCv)
  10 water moccasins
  A hell hound (D:13)
  An acid dragon (D:13)
  3 black bears (D:5)
  33 orc warriors
  2 laughing skulls (D:13)
  3 centaurs
  16 ogres
  7 wolves
  A lemure (D:8)
  4 phantoms
  A kobold brigand (D:9)
  12 bullfrogs
  3 scorpions
  2 wights (D:9)
  Dowan (D:7)
  3 killer bees (D:9)
  A howler monkey (D:10)
  2 electric eels (Lair:3)
  4 hounds
  6 jellies
  6 bombardier beetles
  20 orc priests
  4 iguanas
  Ijyb (D:3)
  Natasha (thrice) (D:2)
  17 orc wizards
  Robin (D:2)
  8 gnolls
  8 adders
  A shadow imp (D:6)
  2 ufetubi (D:6)
  4 dart slugs
  3 ribbon worms (D:2)
  77 orcs
  4 endoplasms
  20 goblins
  13 hobgoblins
  12 jackals
  4 quokkas
  7 ball pythons
  5 bats
  3 frilled lizards
  21 kobolds
  2 kobold zombies (D:4)
  8 rats
562 creatures vanquished.

Vanquished Creatures (collateral kills)
  Frances (D:14)
  A nagaraja (Snake:2)
  An orc warlord (Orc:2)
  Azrael (D:13)
  2 hydras
  2 vault guards (D:13)
  A rakshasa (D:15)
  A boulder beetle (D:15)
  2 centaur warriors
  3 anacondas
  4 death yaks
  A naga warrior (Snake:2)
  A sea snake (Lair:5)
  3 skeletal warriors
  A mana viper (Snake:1)
  2 ugly things
  An orc knight (D:14)
  An orc sorcerer (D:14)
  2 salamanders (Snake:1)
  4 cyclopes
  2 elephants
  A kobold blastminer (Orc:2)
  A naga mage (Snake:1)
  4 black mambas
  An unseen horror (D:11)
  11 cane toads
  A gargoyle (D:12)
  3 freezing wraiths
  5 komodo dragons
  A hornet (Lair:5)
  A polar bear (Lair:5)
  A troll (D:9)
  5 blink frogs
  A snapping turtle (Lair:5)
  5 slime creatures
  13 yaks
  A human (D:13)
  A fire elemental (D:13)
  3 basilisks
  A steam dragon (Lair:5)
  A warg (Orc:2)
  4 nagas
  2 water moccasins (Lair:5)
  A hell hound (D:13)
  2 ice beasts
  Duvessa (D:7)
  A black bear (D:8)
  7 orc warriors
  A sky beast (D:7)
  3 ogres
  6 wolves
  3 centaurs
  2 lemures (D:8)
  4 kobold brigands
  2 scorpions
  4 bullfrogs
  2 wights (D:9)
  A killer bee (D:9)
  2 jellies
  A hound (D:5)
  A gnoll bouda (Lair:3)
  3 orc priests
  2 iguanas
  A sleepcap (D:5)
  6 orc wizards
  A gnoll (D:5)
  19 orcs
  6 kobolds
186 creatures vanquished.

Vanquished Creatures (others)
  A hornet (Lair:5)
  A steam dragon (Lair:5)
  11 knights
  An orc wizard (Orc:2)
  3 ancestors
17 creatures vanquished.

Grand Total: 765 creatures vanquished

Notes
Turn   | Place    | Note
-------+----------+-------------------------------------------
     0 | D:1      | ragingrage the Human Hexslinger began the quest for the
                  | Orb.
     0 | D:1      | Reached XP level 1. HP: 15/15 MP: 2/2
   161 | D:1      | Reached skill level 1 in Stealth
   161 | D:1      | Reached XP level 2. HP: 21/21 MP: 3/3
   188 | D:1      | Learned a level 2 spell: Jinxbite
   559 | D:1      | Reached XP level 3. HP: 26/26 MP: 1/4
  1088 | D:2      | Found a runed translucent door.
  1089 | D:2      | Noticed Crazy Yiuf
  1294 | D:2      | Reached skill level 3 in Ranged Weapons
  1294 | D:2      | Reached XP level 4. HP: 28/32 MP: 3/5
  1299 | D:2      | Noticed Robin
  1711 | D:3      | Noticed Ijyb
  1830 | D:2      | Killed Robin
  1840 | D:2      | Reached XP level 5. HP: 37/37 MP: 2/6
  2022 | D:2      | Reached skill level 4 in Ranged Weapons
  2138 | D:2      | Noticed Natasha
  2146 | D:2      | Killed Natasha
  2236 | D:2      | Noticed Natasha
  2247 | D:2      | Killed Natasha
  3003 | D:2      | Noticed Natasha
  3007 | D:2      | Killed Natasha
  3008 | D:2      | Reached skill level 5 in Ranged Weapons
  3008 | D:2      | Reached XP level 6. HP: 41/43 MP: 4/7
  3014 | D:3      | Found a faded altar of an unknown god.
  3249 | D:3      | Killed Ijyb
  3438 | D:3      | Found a broken altar of Ashenzari.
  3791 | D:4      | Found a staircase to the Ecumenical Temple.
  3799 | Temple   | Entered the Ecumenical Temple
  3805 | Temple   | Became a worshipper of Hepliaklqana the Forgotten
  3858 | D:4      | Reached skill level 6 in Ranged Weapons
  3858 | D:4      | Reached XP level 7. HP: 48/48 MP: 4/8
  3928 | D:4      | Found a white marble altar of Elyvilon.
  4184 | D:4      | Found a glowing golden altar of the Shining One.
  4216 | D:4      | Reached skill level 5 in Hexes
  4240 | D:4      | Found an ancient bone altar of Kikubaaqudgha.
  4342 | D:4      | Found a runed translucent door.
  4342 | D:4      | Noticed a human
  4352 | D:4      | Found a basalt altar of Yredelemnul.
  4552 | D:5      | Entered Level 5 of the Dungeon
  4611 | D:5      | Found an iron altar of Okawaru.
  4754 | D:5      | Reached skill level 7 in Ranged Weapons
  4770 | D:5      | Reached * piety under Hepliaklqana
  4928 | D:5      | Found a shimmering blue altar of Sif Muna.
  4937 | D:5      | Reached XP level 8. HP: 48/48 MP: 4/9
  5019 | D:5      | Reached skill level 8 in Ranged Weapons
  5326 | D:5      | Reached skill level 9 in Ranged Weapons
  5369 | D:5      | Noticed a wyvern
  5389 | D:5      | Killed a wyvern
  5497 | D:5      | Reached skill level 10 in Ranged Weapons
  5501 | D:5      | Reached XP level 9. HP: 53/53 MP: 8/10
  6016 | D:6      | Reached skill level 11 in Ranged Weapons
  6210 | D:6      | Noticed a troll
  6220 | D:6      | Killed a troll
  6331 | D:6      | Noticed Maggie
  6348 | D:6      | Killed Maggie
  6349 | D:6      | Reached skill level 12 in Ranged Weapons
  6990 | D:6      | Found a sacrificial altar of Ru.
  6991 | D:6      | Reached ** piety under Hepliaklqana
  6993 | D:6      | Remembered your ancestor Soraif as a knight
  7030 | D:7      | Found a stormy altar of Qazlal.
  7069 | D:7      | Noticed Duvessa
  7071 | D:7      | Noticed Dowan
  7080 | D:7      | Killed Duvessa
  7081 | D:7      | Reached skill level 13 in Ranged Weapons
  7081 | D:7      | Reached XP level 10. HP: 55/58 MP: 7/11
  7088 | D:7      | Killed Dowan
  7148 | D:7      | Noticed Jeremiah
  7165 | D:7      | Killed Jeremiah
  7530 | D:7      | Reached skill level 14 in Ranged Weapons
  7631 | D:7      | Found a blossoming altar of Fedhas.
  7696 | D:8      | Noticed Pikel
  7727 | D:8      | Killed Pikel
  7788 | D:8      | Identified the +10 dagger "Jiruziex" {antimagic, ^Contam
                  | rF+++ rC+ rN+}
  7842 | D:8      | Found Jissix's Gadget Gallery.
  7857 | D:8      | Bought a wand of roots (3) for 86 gold pieces
  7857 | D:8      | Bought a phantom mirror for 480 gold pieces
  7884 | D:8      | Found a runed translucent gate.
  7885 | D:8      | Found a runed translucent gate.
  7886 | D:8      | Found a runed translucent gate.
  7886 | D:8      | Noticed Fractals's ghost (novice MfMo)
  8138 | D:8      | Noticed Grum
  8156 | D:8      | Killed Grum
  8197 | D:8      | Noticed Maurice
  8215 | D:8      | Killed Maurice
  8216 | D:8      | Reached XP level 11. HP: 67/67 MP: 7/12
  8385 | D:8      | Found the ring of Shadows {Umbra +Inv Stlth+}
  8672 | D:8      | Identified the +1 pair of boots of Charity {rPois rC++
                  | Will-}
  8901 | D:8      | Found a viscous altar of Jiyva.
  8912 | D:9      | Reached *** piety under Hepliaklqana
  8955 | D:9      | Found a staircase to the Orcish Mines.
  9082 | D:8      | Identified the ring "Qoumnum" {Ice rElec rPois rN+}
  9253 | D:9      | Reached skill level 15 in Ranged Weapons
  9405 | D:9      | Found a glowing silver altar of Zin.
  9488 | D:9      | Found a shadowy altar of Dithmenos.
  9683 | D:9      | Noticed a two-headed ogre
  9690 | D:9      | Killed a two-headed ogre
  9871 | D:9      | Found a staircase to the Lair.
 10000 | D:10     | Entered Level 10 of the Dungeon
 10000 | D:10     | Noticed Erica
 10012 | D:10     | Killed Erica
 10013 | D:10     | Reached skill level 5 in Dodging
 10527 | D:10     | Found Veale's Distillery.
 10535 | D:10     | Bought a potion of curing for 42 gold pieces
 10535 | D:10     | Bought a potion of heal wounds for 70 gold pieces
 10535 | D:10     | Bought a potion of mutation for 112 gold pieces
 10568 | D:10     | Reached skill level 1 in Armour
 10626 | D:10     | Reached **** piety under Hepliaklqana
 10671 | D:10     | Reached skill level 5 in Fighting
 10904 | D:11     | Noticed a cyan ugly thing
 10914 | D:11     | Killed a cyan ugly thing
 11089 | D:11     | Noticed a fire dragon
 11119 | D:11     | Noticed a cyclops
 11129 | D:11     | Killed a cyclops
 11210 | D:11     | Reached skill level 1 in Invocations
 11225 | D:11     | Noticed a two-headed ogre
 11235 | D:11     | Killed a two-headed ogre
 11305 | D:11     | Noticed a boulder beetle
 11309 | D:11     | Found Tumugoh's Specific Store.
 11321 | D:11     | Killed a boulder beetle
 11343 | D:10     | Reached XP level 12. HP: 74/78 MP: 10/13
 11534 | D:11     | Found Xaut's General Store.
 11673 | Lair:1   | Entered Level 1 of the Lair of Beasts
 11682 | Lair:1   | Reached skill level 16 in Ranged Weapons
 11723 | Lair:1   | Noticed Harold
 11769 | Lair:1   | Killed Harold
 11912 | Lair:1   | Noticed a four-headed hydra
 11924 | Lair:1   | Killed a four-headed hydra
 12039 | Lair:1   | Reached skill level 5 in Invocations
 12052 | Lair:1   | Identified the +8 glaive "Cizxear" {drain, rCorr}
 12358 | Lair:1   | Reached skill level 1 in Evocations
 12569 | Lair:1   | Noticed a seven-headed hydra
 12579 | Lair:1   | Killed a seven-headed hydra
 12989 | Lair:2   | Reached XP level 13. HP: 77/89 MP: 14/17
 13794 | Lair:3   | You fall into a shaft and drop 2 floors!
 13794 | Lair:5   | Entered Level 5 of the Lair of Beasts
 14094 | Lair:3   | Noticed Fannar
 14128 | Lair:3   | Killed Fannar
 14439 | Lair:3   | Found a staircase to the Swamp.
 14732 | Lair:3   | Reached ***** piety under Hepliaklqana
 14804 | Lair:3   | Found a staircase to the Snake Pit.
 15191 | Lair:4   | Reached skill level 5 in Evocations
 15278 | Lair:4   | Reached skill level 5 in Armour
 15534 | Lair:4   | Reached skill level 10 in Fighting
 16227 | Lair:4   | Reached skill level 10 in Dodging
 16233 | Lair:4   | Reached XP level 14. HP: 91/99 MP: 17/20
 16384 | Lair:5   | Found a staircase to the Slime Pits.
 18365 | Orc:1    | Entered Level 1 of the Orcish Mines
 18764 | Orc:2    | Entered Level 2 of the Orcish Mines
 19002 | Orc:2    | Found a staircase to the Elven Halls.
 19359 | Orc:2    | Noticed an orc warlord
 19794 | Orc:2    | Killed an orc warlord
 19795 | Orc:2    | Reached skill level 17 in Ranged Weapons
 19960 | Orc:2    | Found a roughly hewn altar of Beogh.
 20224 | Orc:2    | Found Ojonnewn's Antique Weapon Shoppe.
 20225 | Orc:2    | Found a roughly hewn altar of Beogh.
 20226 | Orc:2    | Found Efreoshy's Antique Armour Emporium.
 20239 | Orc:2    | Bought a pair of embroidered gloves for 247 gold pieces
 20278 | Orc:2    | Found a roughly hewn altar of Beogh.
 20326 | Orc:2    | Found a roughly hewn altar of Beogh.
 20365 | Orc:2    | Found a roughly hewn altar of Beogh.
 20385 | Orc:2    | Found Lenuvof's Book Shoppe.
 20475 | Orc:2    | Found a roughly hewn altar of Beogh.
 20495 | Orc:2    | Found Cuothefygg's Book Emporium.
 20518 | Orc:2    | Found a roughly hewn altar of Beogh.
 20532 | Orc:2    | Reached XP level 15. HP: 85/108 MP: 21/21
 20772 | Orc:1    | Found a shimmering blue altar of Sif Muna.
 21311 | D:12     | Reached ****** piety under Hepliaklqana
 21635 | D:13     | Noticed Azrael
 21650 | D:13     | Killed Azrael
 21651 | D:13     | Reached skill level 18 in Ranged Weapons
 22393 | D:13     | Found a gate to the Vaults.
 22424 | D:14     | Noticed Lodul
 22472 | D:13     | Killed Lodul
 22530 | D:14     | Noticed Frances
 22530 | D:14     | Noticed Roxanne
 22538 | D:14     | Killed Frances
 22539 | D:14     | Reached skill level 5 in Stealth
 22854 | D:14     | Noticed Agnes
 23622 | D:15     | Entered Level 15 of the Dungeon
 24352 | D:15     | Found a shimmering altar of Xom.
 24484 | D:15     | Reached XP level 16. HP: 117/117 MP: 22/22
 24513 | D:15     | Found a staircase to the Depths.
 24803 | Snake:1  | Entered Level 1 of the Snake Pit
 24841 | Snake:1  | Noticed CrossHare's ghost (adept CoHu)
 24842 | Snake:1  | Found a transporter.
 24969 | Snake:1  | Found a transporter.
 24978 | Snake:1  | Identified 2 scrolls of acquirement
 24996 | Snake:1  | Acquired the +1 hat of Mezcal {rN++ Int-3 SInv}
 24998 | Snake:1  | Acquired 1154 gold pieces
 25597 | Snake:2  | Noticed a nagaraja
 25601 | Snake:2  | Killed a nagaraja
 25610 | Snake:2  | Noticed a nagaraja
 25615 | Snake:2  | Killed a nagaraja
 25625 | Snake:2  | Found a glacial archway.
 25662 | IceCv    | Entered an ice cave
 25825 | IceCv    | Mangled by a harpy simulacrum

Illustrated notes

Levels and vault maps discovered:
D:1:      dpeg_arrival_renting, layout_loops_ring
D:2:      layout_loops_ring, minmay_tiny_reverse_x, uniq_robin,
          uniq_crazy_yiuf_cottage, uniq_natasha
D:3:      layout_basic, mainiacjoe_overflow_alcove_1,
          nicolae_ecumenical_oubliette, nicolae_goblin_pals
D:4:      layout_basic, lemuel_tele_altar, elyvilon_altar_3,
          mainiacjoe_overflow_brackets, dk_yredelemnul_ordeal,
          minmay_temple_entry_glassed_door, serial_glass, glass_columns_b,
          glass_columns_c, corexii_shack
D:5:      minmay_polygon_palace, layout_cave_pools,
          mainiacjoe_overflow_tiny_flanked, okawaru_metal_pillars_1_2
D:6:      layout_loops_corners, nicolae_ru_the_path_less_chosen,
          minmay_misc_feat_tiny, uniq_maggie
D:7:      layout_cave_pools, nicolae_qazlal_scattered_showers,
          mainiacjoe_overflow_surrounded_room, uniq_jeremiah, uniq_duvessa
D:8:      minmay_weird_star, layout_basic, gammafunk_ghost_ooze, minivault_5,
          chequers_serial_rivers_micro_d, hangedman_abyss_or_decor_lesser_grid,
          nicolae_shop_gadgets, uniq_pikel, uniq_grum, uniq_maurice
D:9:      layout_long_grid, kennysheep_mini_moat, grunt_dithmenos_smoke,
          lair_entry_dummy, orc_0_dummy
D:10:     layout_rooms, serial_shops, kennysheep_little_box, grunt_ministairs_3,
          uniq_erica
D:11:     layout_basic, minivault_25, minivault_19, nicolae_specific_store,
          minmay_misc_feat_room
D:12:     layout_rooms
D:13:     layout_roguey, hellmonk_vaults_keyhole, uniq_azrael
D:14:     layout_loops_corners, uniq_frances, uniq_lodul, uniq_agnes,
          uniq_roxanne
D:15:     gammafunk_enter_depths_forms, layout_cave_pools,
          regret_index_xom_buried_treasure
Temple:   hellmonk_temple_rainy
Lair:1:   layout_small_grid, st_stairs_9, hangedman_lair_generics_rect,
          uniq_harold
Lair:2:   layout_chaotic_city, chequers_serial_rivers_micro_d,
          serial_bayou_pond_a
Lair:3:   layout_cave_pods, nicolae_swamp_entry_splash_gauntlet,
          nicolae_snake_entry_squirm, dreamdust_gnoll_shepherd,
          grunt_megastairs_4, uniq_fannar
Lair:4:   layout_cave_pods, chequers_serial_rivers_micro_a,
          grunt_forest_large_clearing_hut
Lair:5:   gammafunk_lair_ancient_temple, layout_hall_layers,
          nicolae_slime_entry_field_trip
Snake:1:  layout_misc_corridors, gammafunk_ghost_arena, grunt_megastairs_2
Snake:2:  layout_rooms, portal_ice_cave_entry_frozen_things, minmay_shoptagon,
          grunt_megastairs_1
Orc:1:    layout_caves, kennysheep_orc_sif_temple
Orc:2:    grunt_orc_community_town_hall, layout_diamond_mine,
          grunt_orc_community_big_house_2, grunt_orc_community_big_house_1,
          grunt_orc_community_house_3, grunt_orc_community_house_3,
          grunt_orc_community_house_2, grunt_orc_community_house_2,
          grunt_orc_community_house_2
IceCv:    ice_cave_small_necro

Skill      XL: |  1  2  3  4  5  6  7  8  9 10 11 12 13 14 15 16 |
---------------+-------------------------------------------------+-----
Stealth        | 1 2 5 |  5.0
Ranged Weapons | 3 5 6 7 10 13 14 15 16 17 18 | 18.0
Hexes          | 4 5 |  5.0
Fighting       | 3 5 8 10 11 13 14 | 14.5
Dodging        | 4 6 8 10 11 12 13 | 13.7
Armour         | 2 3 5 |  5.0
Invocations    | 2 6 8 9 |  9.0
Evocations     | 2 5 |  5.0
Spellcasting   | |  1.0
Fire Magic     | |  1.0

Action                     |  1- 3 |  4- 6 |  7- 9 | 10-12 | 13-15 | 16-18 || total
---------------------------+-------+-------+-------+-------+-------+-------++-------
   Fire: Sling             |   126 |   179 |   269 |       |       |       ||   574
         Orcbow            |       |       |    85 |   683 |   840 |       ||  1608
         Hand cannon       |       |       |       |       |   470 |   174 ||   644
         Arbalest          |       |       |       |       |   102 |       ||   102
  Throw: Dart              |       |       |       |     1 |     2 |       ||     3
         Throwing net      |       |       |       |       |     1 |       ||     1
   Cast: Jinxbite          |     8 |    27 |    41 |    55 |    29 |       ||   160
 Invoke: Ancestor Life: Kn |       |       |     1 |       |       |       ||     1
         Recall Ancestor   |       |       |       |     2 |    15 |     1 ||    18
         Idealise          |       |       |       |     2 |     6 |       ||     8
Ability: Evoke Invisibilit |       |       |       |       |       |     1 ||     1
  Evoke: Wand              |       |       |       |     3 |    10 |       ||    13
         Phantom mirror    |       |       |       |     1 |     2 |       ||     3
         Box of beasts     |       |       |       |       |     1 |     1 ||     2
    Use: Scroll            |       |     1 |     3 |     8 |    10 |     7 ||    29
         Potion            |       |       |       |       |     1 |       ||     1
 Armour: Robe              |    57 |    39 |       |       |       |       ||    96
         Leather armour    |       |     5 |       |       |       |       ||     5
         Ring mail         |       |     3 |    56 |       |       |       ||    59
         Swamp dragon scal |       |       |    12 |    99 |   305 |    53 ||   469
         Troll leather arm |       |       |     3 |       |       |       ||     3
  Dodge: Dodged            |    39 |    40 |   113 |   176 |   609 |    82 ||  1059

Table legend: (Time is in decaauts)
 A = Elapsed time spent in this place.
 B = Non-inter-level travel time spent in this place.
 C = Inter-level travel time spent in this place.
 D = Time resting spent in this place.
 E = Time spent auto-exploring this place.
 F = Levels seen in this place.
 G = Mean time per level.
                   A        B        C        D        E       F      G
               +--------+--------+--------+--------+--------+-----+--------+
         Total |  25945 |  24352 |   1593 |   3927 |  15055 |  26 |  997.9 |
       Dungeon |  15747 |  14875 |    872 |   2263 |   9751 |  15 | 1049.8 |
        Temple |     12 |      1 |     11 |      0 |      0 |   1 |   12.0 |
          Lair |   6633 |   6046 |    587 |    881 |   3642 |   5 | 1326.6 |
     Snake Pit |    872 |    850 |     22 |     44 |    433 |   2 |  436.0 |
  Orcish Mines |   2508 |   2409 |     99 |    621 |   1220 |   2 | 1254.0 |
      Ice Cave |    169 |    169 |      0 |    116 |      9 |   1 |  169.0 |
               +--------+--------+--------+--------+--------+-----+--------+

Top non-repeatable levels by time:
   Orc:2: 1926 daAuts
     D:2: 1832 daAuts
  Lair:5: 1824 daAuts
     D:6: 1362 daAuts
  Lair:4: 1356 daAuts
     D:8: 1344 daAuts
  Lair:3: 1309 daAuts
  Lair:1: 1279 daAuts
    D:14: 1227 daAuts
     D:9: 1196 daAuts
     D:5: 1130 daAuts
     D:1: 1072 daAuts
    D:13: 1038 daAuts
    D:10: 1037 daAuts
    D:15: 920 daAuts
